cohdb
Replays
Latest Replays
All Replays
Popular Replays
Top Player Replays
Match Explorer
How It Works
Community
CoH3 Stats
Reddit
Sign in to upload your games and track your stats! →
Sign in with Steam
Match 44170682
Unlisted
Match 44170682
Overview
Messages
Build Orders
End
Vickers Machine Gun Team
Construct Section Command Post
Construct Section Command Post
Selects Canadian Shock Battlegroup
Infantry Section
Dingo Light Scout Car
Infantry Section
Selects Attacking Spirit
Infantry Section
Construct Platoon Command Post
Humber Armored Car
Selects Canadian Shock Section
Selects Incendiary Munitions
6-pounder Anti-tank Gun Team
Infantry Section
6-pounder Anti-tank Gun Team
Infantry Training
Grenade Package
Tirant
majintal excumuration
Oh cool you're an idiot too
Rambo Bine
0
0
Comments
sign in to comment!
No comments posted yet!